 Dungeon Crawl Stone Soup version 0.29.1-15-g9cfb28693d (webtiles) character file.

Game seed: 5458532583386264442

714 jtron the Slasher (level 7, -6/61 HPs)
             Began as a Hill Orc Fighter on Feb 27, 2023.
             Was a Follower of Yredelemnul.
             Mangled by an ice beast (16 damage)
             ... on level 5 of the Dungeon.
             The game lasted 00:13:22 (5363 turns).

jtron the Slasher (Hill Orc Fighter)                Turns: 5363, Time: 00:13:23

Health: -6/61      AC:  5    Str: 19    XL:     7   Next: 69%
Magic:  7/7        EV:  9    Int:  8    God:    Yredelemnul [*.....]
Gold:   251        SH:  4    Dex: 12    Spells: 6/6 levels left

rFire   . . .      SeeInvis .   a - +4 long sword (vamp)
rCold   . . .      Faith    .   c - +0 buckler
rNeg    . . .      Spirit   .   b - +0 scale mail
rPois   .          Reflect  .   (no helmet)
rElec   .          Harm     +   q - +1 cloak of Neuqyops {Harm}
rCorr   .          Rampage  .   (no gloves)
Will    .....                   (no boots)
Stlth   ..........              (no amulet)
HPRegen 0.20/turn               (no ring)
MPRegen 0.10/turn               (no ring)

@: corroded
A: no striking features
a: Renounce Religion, Recall Undead Harvest


You were on level 5 of the Dungeon.
You worshipped Yredelemnul.
Yredelemnul was noncommittal.
You visited 2 branches of the dungeon, and saw 6 of its levels.

You collected 251 gold pieces.

Inventory:

Hand Weapons
 a - a +4 vampiric long sword (weapon)
 k - a +0 war axe
Missiles
 e - 2 atropa-tipped darts
 l - 8 poisoned darts (quivered)
 t - 21 stones
 y - 6 silver javelins
Armour
 b - a +0 scale mail (worn)
 c - a +0 buckler (worn)
 j - a +0 cloak
 q - the +1 cloak of Neuqyops (worn) {Harm}
   (You found it on level 3 of the Dungeon)

   Harm:      It increases damage dealt and taken.
Jewellery
 r - a ring of fire
 z - a ring of fire
Wands
 u - a wand of iceblast (12)
 B - a wand of mindburst (11)
Scrolls
 h - a scroll of brand weapon {unknown}
 m - 2 scrolls of immolation
 n - a scroll of magic mapping {unknown}
 s - a scroll of silence {unknown}
 x - a scroll of blinking {unknown}
 A - 3 scrolls of teleportation {unknown}
 C - a scroll of amnesia {unknown}
 D - a scroll of poison {unknown}
 E - a scroll of identify
Potions
 d - a potion of might
 f - a potion of curing {unknown}
 g - a potion of heal wounds
 i - a potion of attraction {unknown}
 o - 2 potions of magic
 p - 2 potions of invisibility
 v - 2 potions of flight
 w - a potion of mutation {unknown}


   Skills:
 + Level 5.4 Fighting
 + Level 6.7 Long Blades
 - Level 2.8 Axes
 + Level 0.4 Throwing
 + Level 5.0 Armour
 + Level 1.1 Stealth
 - Level 3.2 Shields


You had 6 spell levels left.
You didn't know any spells.
Your spell library contained the following spells:

 Spells                   Type           Power      Damage    Failure   Level
 Magic Dart               Conj           0%         1d3       85%         1
 Call Imp                 Summ           0%         N/A       94%         2
 Dazzling Flash           Conj/Hex       0%         N/A       99%         3
 Mephitic Cloud           Conj/Pois/Air  0%         N/A       99%         3
 Agony                    Necr           0%         N/A       100%        5
 Silence                  Hex/Air        0%         N/A       100%        5
 Summon Forest            Summ/Tloc      0%         N/A       100%        5
 Eringya's Noxious Bog    Tmut/Pois      0%         N/A       100%        6
 Summon Hydra             Summ           0%         N/A       100%        7


Dungeon Overview and Level Annotations

Branches:
Dungeon (5/15)             Temple (1/1) D:4

Altars:
Ashenzari
Cheibriados
Dithmenos
Elyvilon
Gozag
Hepliaklqana
Makhleb
Nemelex Xobeh
Okawaru
Qazlal
Ru
Trog
Uskayaw
Wu Jian
Yredelemnul
Zin
The Shining One

Shops:
D:2 =


Message History

The jelly quivers.
You block the jelly's attack. The jelly hits you.
You are splashed with acid!
The ice beast hits you but does no damage.
You slash the jelly! The acid corrodes you!
Your hands burn!
The jelly is heavily wounded.
The ice beast barely misses you. The jelly hits you.
You are splashed with acid!
You hit the jelly.
Your hands burn!
The jelly is heavily wounded.
The jelly barely misses you. You block the ice beast's attack.
Your iguana zombie bites the jelly!
The jelly dies!
The dead are walking!
You closely miss the ice beast. You block the ice beast's attack.
You hit the ice beast but do no damage. You block the ice beast's attack.
Your iguana zombie bites the ice beast but does no damage.
You hit the ice beast but do no damage.
Your jelly zombie hits the ice beast.
The ice beast hits you. The ice beast freezes you!
Your iguana zombie bites the ice beast but does no damage.
You slash the ice beast!
You feel better.
The ice beast is heavily wounded.
The ice beast hits you. The ice beast freezes you.
Your jelly zombie barely misses the ice beast.
Your iguana zombie barely misses the ice beast.
You closely miss the ice beast.
The ice beast is heavily wounded.
You block the ice beast's attack.
Your jelly zombie hits the ice beast but does no damage.
You hit the ice beast.
You feel better.
The ice beast is heavily wounded.
The ice beast barely misses you.
Your iguana zombie bites the ice beast.
Your jelly zombie hits the ice beast.
The ice beast hits you. The ice beast freezes you!
* * * LOW HITPOINT WARNING * * *
The ice beast attacks as you move away! The ice beast hits you.
* * * LOW HITPOINT WARNING * * *
The ice beast freezes you!
You die...
Your body rises from the dead as a mindless zombie.

#####.###.....#
#...........
########
#..###.###.#
........ #..# #.#
#.# ########
#..###.###.# #
#######
#.....#.##.#.#
.......
#.####.###Z#.#####
####### #.#
#...ZZY...... #
#.# #####@#.#### #
#.# #.# # #.# #.#
. #.# #.# ## #.#
#.. # #.. ... .
### ### #########
.......<#
#######..


You could see an ice beast (ally target), 2 friendly iguana zombies and a
friendly jelly zombie.

Vanquished Creatures
  2 phantoms (D:4)
  2 scorpions (D:4)
  A hound (D:4)
  A jelly (D:4)
  2 iguanas (D:5)
  Ijyb (D:4)
  3 orc wizards (D:4)
  2 adders
  A worm (D:2)
  2 dart slugs
  7 orcs (D:4)
  7 endoplasms
  2 giant cockroaches (D:2)
  A goblin (D:2)
  8 hobgoblins
  5 jackals
  7 kobolds
  3 ball pythons
  6 bats
  6 frilled lizards
  A rat (D:2)
70 creatures vanquished.

Vanquished Creatures (collateral kills)
  2 scorpions
  A jelly (D:5)
  A jackal (D:4)
4 creatures vanquished.

Vanquished Creatures (others)
  A jelly zombie (D:4)
  A kobold zombie (D:4)
  6 orc zombies (D:4)
8 creatures vanquished.

Grand Total: 82 creatures vanquished

Notes
Turn   | Place    | Note
-------+----------+-------------------------------------------
     0 | D:1      | jtron the Hill Orc Fighter began the quest for the Orb.
     0 | D:1      | Reached XP level 1. HP: 19/19 MP: 1/1
   366 | D:1      | Reached XP level 2. HP: 22/27 MP: 2/2
   941 | D:1      | Reached skill level 1 in Long Blades
  1451 | D:2      | Reached XP level 3. HP: 33/33 MP: 3/3
  1467 | D:2      | Found an iron altar of Okawaru.
  1824 | D:2      | Reached skill level 2 in Long Blades
  2066 | D:2      | Found a faded altar of an unknown god.
  2301 | D:2      | Found Cousy's One-of-a-Kind Rings.
  2375 | D:3      | Identified the +1 cloak of Neuqyops {Harm}
  2476 | D:3      | Found an iron altar of Okawaru.
  2507 | D:3      | Reached XP level 4. HP: 41/41 MP: 4/4
  3359 | D:4      | Found a staircase to the Ecumenical Temple.
  3367 | Temple   | Entered the Ecumenical Temple
  3374 | Temple   | Became a worshipper of Yredelemnul the Dark
  3406 | D:4      | Noticed a scorpion
  3424 | D:4      | Killed a scorpion
  3425 | D:4      | Reached skill level 3 in Long Blades
  3425 | D:4      | Reached XP level 5. HP: 39/47 MP: 5/5
  3492 | D:4      | Reached skill level 4 in Long Blades
  3510 | D:4      | Reached * piety under Yredelemnul
  3589 | D:4      | Reached skill level 5 in Long Blades
  3589 | D:4      | Reached XP level 6. HP: 55/55 MP: 6/6
  3734 | D:4      | Noticed Ijyb
  3745 | D:4      | Killed Ijyb
  3920 | D:4      | Reached skill level 5 in Fighting
  3920 | D:4      | Reached skill level 1 in Stealth
  4022 | D:4      | Reached XP level 7. HP: 46/61 MP: 7/7
  4099 | D:4      | Found a stormy altar of Qazlal.
  4573 | D:4      | Reached skill level 6 in Long Blades
  5077 | D:5      | Entered Level 5 of the Dungeon
  5255 | D:5      | Reached skill level 5 in Armour
  5363 | D:5      | Mangled by an ice beast

Illustrated notes

Levels and vault maps discovered:
D:1:      elethiomel_arrival_shortcut, layout_basic, serial_forest,
          infiniplex_forest_pool, infiniplex_forest_lined_2,
          infiniplex_forest_end_1, infiniplex_forest_straight_4,
          infiniplex_forest_lined_3_way, infiniplex_forest_lined_4_way,
          infiniplex_forest_straight_1, infiniplex_forest_straight_4,
          infiniplex_forest_lined_1, infiniplex_forest_clump_curved
D:2:      layout_basic, basic_altar, shapermc_ecumenical_altar_totnotflames,
          nicolae_shop_unique_rings
D:3:      layout_basic, overflow_temple_1_default, nicolae_hexahallways
D:4:      layout_layer_cave, general_overflow_altar, minmay_temple_entry_tees,
          minmay_fractal_squares_5, uniq_ijyb
D:5:      layout_loops_ring
Temple:   nicolae_temple_no_exploring_needed

Skill      XL: |  1  2  3  4  5  6  7 |
---------------+----------------------+-----
Fighting       | 4 5 |  5.4
Long Blades    | 1 2 3 5 6 |  6.7
Stealth        | 1 |  1.1
Armour         | 4 5 |  5.0
Axes           | |  2.8
Throwing       | |  0.4
Shields        | |  3.2

Action                   |  1- 3 |  4- 6 |  7- 9 || total
-------------------------+-------+-------+-------++-------
Melee: War axe           |    27 |       |       ||    27
       Long sword        |    86 |    97 |    39 ||   222
Throw: Stone             |     3 |       |       ||     3
       Dart              |     1 |       |       ||     1
  Use: Potion            |     1 |     3 |       ||     4
       Scroll            |       |       |     5 ||     5
Armor: Scale mail        |    48 |    60 |    12 ||   120
       Skin              |    16 |       |       ||    16
Dodge: Dodged            |    46 |    35 |    13 ||    94
Block: Buckler           |    17 |    22 |    10 ||    49
